 Dungeon Crawl Stone Soup version 0.30.1-3-gfc49f6343a (webtiles) character file.

Game seed: 3673741198567591485

14917016 sm0rk the Slayer (level 27, 270/270 HPs)
             Began as a Ghoul Gladiator on July 23, 2023.
             Was an Elder of Okawaru.
             Escaped with the Orb
             ... and 15 runes on Aug 1, 2023!
             The game lasted 07:03:49 (105490 turns).

sm0rk the Slayer (Ghoul Gladiator)                Turns: 105490, Time: 07:03:49

Health: 270/270    AC: 44    Str: 32      XL:     27
Magic:  38/38      EV: 12    Int: 10 (11) God:    Okawaru [****..]
Gold:   14572      SH: 31    Dex: 12 (13) Spells: 44/50 levels left

rFire   + + +        s - +8 demon trident "Rift" {distort, reach+}
rCold   + + +        f - +8 tower shield {reflect}
rNeg    + + +        y - +9 scales of the Dragon King {rPois rF+ rC+ Will+}
rPois   ∞            H - +4 hat of Boboevve {rPois Str+3 Slay+4}
rElec   +            F - scarf "Xechuh" {shadows, rElec Str+4 Slay+3}
rCorr   +            X - +2 pair of gloves
SInv    +            k - +1 pair of boots of Caumir {rF+ Slay+2}
Will    ++++.        R - amulet "Onufibli" {Acrobat rF+ rCorr} Stlth
                     W - ring of Goezapal {rPois rN+++ Str-3 Int+6 SInv}
HPRegen 0.00/turn    z - ring "Xoulemeh" {rC+ Will+ rCorr Int-2 Dex+3}
MPRegen 0.26/turn

%: reflection, acrobat
@: inhibited regen, studying 4 skills
A: claws 1, cold resistance 1, negative energy resistance 3, inhibited
regeneration, torment resistance 2, devour on kill
0: Orb of Zot
}: 15/15 runes: decaying, serpentine, slimy, silver, golden, iron, obsidian,
icy, bone, abyssal, demonic, glowing, magical, fiery, dark
a: Renounce Religion, Heroism, Finesse


You escaped.
You worshipped Okawaru.
Okawaru was greatly pleased with you.
You visited 18 branches of the dungeon, and saw 88 of its levels.
You visited Pandemonium 1 time, and saw 14 of its levels.
You visited the Abyss 1 time.
You visited 1 ziggurat, and saw 7 of its levels.
You also visited: Trove, Ossuary and Ice Cave.

You collected 18032 gold pieces.
You spent 3460 gold pieces at shops.

Inventory:

Hand Weapons
 s - the +8 demon trident "Rift" (weapon) {distort, reach+}
   (You took it off a tengu reaver on level 2 of the Depths)
Missiles
 g - 13 boomerangs
 j - 20 javelins (quivered)
 q - 3 throwing nets
 B - 23 silver javelins
 Q - 10 boomerangs of dispersal
Armour
 f - a +8 tower shield of reflection (worn)
 k - the +1 pair of boots of Caumir (worn) {rF+ Slay+2}
   (You acquired it in Pandemonium)

   Slay:      It affects your accuracy & damage with ranged weapons and melee
   (+2).
   rF:        It protects you from fire.
 o - the +14 crystal plate armour "Uwkit" {Fly Regen+ Int-5}
   (Okawaru gifted it to you on level 4 of the Swamp)

   Int:       It affects your intelligence (-5).
   Fly:       It grants you flight.
   Regen:     It increases your rate of health regeneration.
 u - the +1 hat of Ustoit {rF+ rN+ Stlth+}
   (You found it in a treasure trove)

   rF:        It protects you from fire.
   rN:        It protects you from negative energy.
   Stlth:     It makes you more stealthy.
 y - the +9 scales of the Dragon King (worn) {rPois rF+ rC+ Will+}
   (You found it on level 5 of the Pits of Slime)

   rF:        It protects you from fire.
   rC:        It protects you from cold.
   rPois:     It protects you from poison.
   Will:      It increases your willpower.
 F - the scarf "Xechuh" (worn) {shadows, rElec Str+4 Slay+3}
   (You acquired it on level 2 of the Orcish Mines)

   Str:       It affects your strength (+4).
   Slay:      It affects your accuracy & damage with ranged weapons and melee
   (+3).
   rElec:     It insulates you from electricity.
 H - the +4 hat of Boboevve (worn) {rPois Str+3 Slay+4}
   (Okawaru gifted it to you in Pandemonium)

   Str:       It affects your strength (+3).
   Slay:      It affects your accuracy & damage with ranged weapons and melee
   (+4).
   rPois:     It protects you from poison.
 J - the +2 helmet "Elo Limn" {rElec Dex+3}
   (Okawaru gifted it to you on level 10 of the Dungeon)

   Dex:       It affects your dexterity (+3).
   rElec:     It insulates you from electricity.
 V - the +0 cloak "Tuewilil" {Drain rN+ Regen+ Str+3}
   (Okawaru gifted it to you on level 2 of the Swamp)

   Str:       It affects your strength (+3).
   rN:        It protects you from negative energy.
   Regen:     It increases your rate of health regeneration.
   Drain:     It drains your maximum health when unequipped.
 X - a +2 pair of gloves (worn)
Jewellery
 d - the amulet "Kauckax" {Regen+ Int+2}
   (You found it in a treasure trove)

   [amulet of regeneration]

   Int:       It affects your intelligence (+2).
   Regen:     It increases your rate of health regeneration.
 z - the ring "Xoulemeh" (right hand) {rC+ Will+ rCorr Int-2 Dex+3}
   (You found it in a treasure trove)

   [ring of willpower]

   Int:       It affects your intelligence (-2).
   Dex:       It affects your dexterity (+3).
   rC:        It protects you from cold.
   rCorr:     It protects you from acid and corrosion.
   Will:      It increases your willpower.
 I - the ring of Tempters {rElec rCorr EV+5 Str+2}
   (You found it in a treasure trove)

   [ring of evasion]

   EV:        It affects your evasion (+5).
   Str:       It affects your strength (+2).
   rElec:     It insulates you from electricity.
   rCorr:     It protects you from acid and corrosion.
 R - the amulet "Onufibli" (around neck) {Acrobat rF+ rCorr}
   (You took it off a deep elf annihilator on level 5 of the Vaults)

   [amulet of the acrobat]

   It increases your evasion while moving and waiting.
   rF:        It protects you from fire.
   rCorr:     It protects you from acid and corrosion.
 W - the ring of Goezapal (left hand) {rPois rN+++ Str-3 Int+6 SInv}
   (You found it on level 5 of the Vaults)

   [ring of intelligence]

   Str:       It affects your strength (-3).
   Int:       It affects your intelligence (+6).
   rPois:     It protects you from poison.
   rN:        It renders you almost immune to negative energy.
   SInv:      It lets you see invisible.
Wands
 b - a wand of digging (37)
 m - a wand of paralysis (22)
 A - a wand of acid (35)
 E - a wand of iceblast (35)
 K - a wand of mindburst (5)
Scrolls
 h - 14 scrolls of poison
 i - 20 scrolls of teleportation
 n - 10 scrolls of fear
 p - 2 scrolls of silence
 r - 11 scrolls of fog
 v - 3 scrolls of enchant weapon
 C - 19 scrolls of immolation
 O - 11 scrolls of vulnerability
 S - 4 scrolls of torment
 Y - 9 scrolls of blinking
 Z - 7 scrolls of magic mapping
Potions
 a - 10 potions of flight
 c - 2 potions of cancellation
 l - 28 potions of curing
 w - 7 potions of might
 x - 8 potions of heal wounds
 D - 3 potions of brilliance
 G - 7 potions of invisibility
 L - 6 potions of magic
 M - 3 potions of ambrosia
 N - 6 potions of resistance
 P - 15 potions of attraction
 T - 5 potions of haste
Miscellaneous
 e - a condenser vane
 t - a lightning rod (4/4)
 U - a phial of floods


   Skills:
 + Level 26.4 Fighting
 - Level 4.9 Maces & Flails
 - Level 22.0 Polearms
 - Level 22.0 Throwing
 - Level 22.0 Armour
 - Level 15.1 Dodging
 - Level 15.0 Stealth
 - Level 24.0 Shields
 - Level 12.0 Spellcasting
 - Level 15.0 Translocations
 - Level 15.0 Invocations
 - Level 22.0 Evocations


You had 44 spell levels left.
You knew the following spells:

 Your Spells              Type           Power      Damage    Failure   Level
a - Blink                 Tloc           72%        N/A       1%          2
b - Passage of Golubria   Tloc           36%        N/A       1%          4

Your spell library contained the following spells:

 Spells                   Type           Power      Damage    Failure   Level
 Apportation              Tloc           72%        N/A       1%          1
 Lesser Beckoning         Tloc           72%        N/A       1%          2
 Gell's Gravitas          Tloc           36%        N/A       1%          3
 Teleport Other           Tloc           36%        N/A       1%          3
 Manifold Assault         Tloc           36%        N/A       1%          4
 Portal Projectile        Hex/Tloc       42%        N/A       13%         3
 Vhi's Electric Charge    Tloc/Air       42%        N/A       13%         3
 Volatile Blastmotes      Fire/Tloc      42%        2d13      13%         3
 Dispersal                Tloc           18%        N/A       30%         6
 Iskenderun's Mystic Bla  Conj/Tloc      21%        2d6       41%         4
 Foxfire                  Conj/Fire      24%        2x1d5     67%         1
 Freeze                   Ice            24%        1d4       67%         1
 Kiss of Death            Conj/Necr      24%        2d7       67%         1
 Necrotise                Necr           24%        1d5       67%         1
 Sandblast                Erth           12%        2d6       67%         1
 Shock                    Conj/Air       24%        1d4       67%         1
 Slow                     Hex            24%        N/A       67%         1
 Sting                    Tmut/Pois      24%        1d4       67%         1
 Cigotuvi's Dreadful Rot  Necr/Pois/Air  12%        N/A       82%         2
 Ensorcelled Hibernation  Hex/Ice        12%        N/A       82%         2
 Passwall                 Tmut/Erth      5%         N/A       82%         2
 Poisonous Vapours        Pois/Air       12%        N/A       82%         2
 Scorch                   Fire           12%        2d6       82%         2
 Confusing Touch          Hex            6%         N/A       96%         3
 Frozen Ramparts          Ice            12%        1d2       96%         3
 Hailstorm                Conj/Ice       6%         3d4       96%         3
 Ignite Poison            Fire/Tmut/Pois 6%         N/A       96%         3
 Inner Flame              Hex/Fire       6%         N/A       96%         3
 Mephitic Cloud           Conj/Pois/Air  6%         N/A       96%         3
 Ozocubu's Armour         Ice            6%         N/A       96%         3
 Stone Arrow              Conj/Erth      12%        3d7       96%         3
 Swiftness                Air            6%         N/A       96%         3
 Vampiric Draining        Necr           6%         2d6       96%         3
 Airstrike                Air            3%         2d(1-17)  100%        4
 Anguish                  Hex/Necr       3%         N/A       100%        4
 Cause Fear               Hex            3%         N/A       100%        4
 Dispel Undead            Necr           6%         3d8       100%        4
 Fulminant Prism          Conj/Hex       3%         3d5       100%        4
 Leda's Liquefaction      Hex/Erth       3%         N/A       100%        4
 Olgreb's Toxic Radiance  Pois           6%         N/A       100%        4
 Petrify                  Tmut/Erth      6%         N/A       100%        4
 Sticky Flame             Conj/Fire      6%         2d3       100%        4
 Agony                    Necr           6%         N/A       100%        5
 Alistair's Intoxication  Tmut/Pois      4%         N/A       100%        5
 Arcjolt                  Conj/Air       3%         1d13      100%        5
 Borgnjor's Vile Clutch   Necr/Erth      3%         N/A       100%        5
 Fireball                 Conj/Fire      3%         3d4       100%        5
 Freezing Cloud           Conj/Ice/Air   3%         6-21      100%        5
 Irradiate                Conj/Tmut      3%         3d12      100%        5
 Iskenderun's Battlesphe  Conj           6%         2d6       100%        5
 Lee's Rapid Deconstruct  Erth           3%         3d5*      100%        5
 Metabolic Englaciation   Hex/Ice        3%         N/A       100%        5
 Silence                  Hex/Air        3%         N/A       100%        5
 Yara's Violent Unravell  Hex/Tmut       3%         3d4       100%        5
 Conjure Ball Lightning   Conj/Air       3%         3x3d6     100%        6
 Eringya's Noxious Bog    Tmut/Pois      3%         N/A       100%        6
 Iron Shot                Conj/Erth      3%         9d2       100%        6
 Plasma Beam              Fire/Air       3%         2x1d14    100%        6
 Starburst                Conj/Fire      3%         6d3       100%        6
 Enfeeble                 Hex            3%         N/A       100%        7
 Orb of Destruction       Conj           3%         9d5       100%        7
 Ozocubu's Refrigeration  Ice            3%         4d8       100%        7
 Discord                  Hex            3%         N/A       100%        8
 Ignition                 Fire           3%         3d4       100%        8
 Lehudib's Crystal Spear  Conj/Erth      3%         10d2      100%        8
 Maxwell's Capacitive Co  Air            3%         ∞         100%        8
 Polar Vortex             Ice            3%         N/A       100%        9
 Summon Small Mammal      Summ           Unusable   N/A       N/A         1
 Sublimation of Blood     Necr           Unusable   N/A       N/A         2
 Call Canine Familiar     Summ           Unusable   N/A       N/A         3
 Spider Form              Tmut/Pois      Unusable   N/A       N/A         3
 Summon Guardian Golem    Hex/Summ       Unusable   N/A       N/A         3
 Tukima's Dance           Hex            Unusable   N/A       N/A         3
 Animate Armour           Summ/Erth      Unusable   N/A       N/A         4
 Ice Form                 Ice/Tmut       Unusable   N/A       N/A         4
 Summon Ice Beast         Ice/Summ       Unusable   N/A       N/A         4
 Blade Hands              Tmut           Unusable   N/A       N/A         5
 Death Channel            Necr           Unusable   N/A       N/A         6
 Simulacrum               Ice/Necr       Unusable   N/A       N/A         6
 Statue Form              Tmut/Erth      Unusable   N/A       N/A         6
 Dragon Form              Tmut           Unusable   N/A       N/A         7
 Spellforged Servitor     Conj/Summ      Unusable   N/A       N/A         7
 Storm Form               Tmut/Air       Unusable   N/A       N/A         7
 Dragon's Call            Summ           Unusable   N/A       N/A         9

Dungeon Overview and Level Annotations

Branches:
Dungeon (15/15)            Temple (1/1) D:4            Lair (5/5) D:9
  Swamp (4/4) Lair:2        Snake (4/4) Lair:3        Slime (5/5) Lair:4
    Orc (2/2) D:9             Elf (3/3) Orc:2        Vaults (5/5) D:14
  Crypt (3/3) Vaults:3       Tomb (3/3) Crypt:3      Depths (4/4) D:15
   Hell (visited)             Dis (7/7) Hell            Geh (7/7) Hell
    Coc (7/7) Hell            Tar (7/7) Hell            Zot (5/5) Depths:4
Ossuary (visited)           IceCv (visited)

Altars:
Ashenzari
Cheibriados
Dithmenos
Fedhas
Gozag
Hepliaklqana
Kikubaaqudgha
Makhleb
Nemelex Xobeh
Okawaru
Qazlal
Ru
Sif Muna
Trog
Uskayaw
Vehumet
Wu Jian
Xom
Yredelemnul
Jiyva
Lugonu

Shops:
D:2 *   D:4 *   D:6 ![**   D:12 (:   D:13 :   D:15 (   Orc:2 **[::   Snake:1 ::
Snake:3 *:=   Vaults:4 :   Vaults:5 [(!(   Depths:2 :=:   Depths:3 (
Depths:4 (

Portals:
Hell: Depths:1 Depths:2 Depths:3 Depths:4
Abyss: Lair:5 Depths:2 Depths:3 Depths:4
Pandemonium: Depths:2
Ziggurat: Depths:3

Annotations:
D:4 2 transporters, CrazyMind's ghost, amateur AtFi
Elf:1 3 runed translucent doors
Elf:2 5 runed translucent doors
Dis:1 exclusion: downstairs
Abyss:1 Mnoleg; Serpent of Hell


Innate Abilities, Weirdness & Mutations

You are immune to poison.
You have sharp fingernails.
Your flesh is cold resistant. (rC+)
You are immune to negative energy. (rN+++)
You do not regenerate when monsters are visible.
You are immune to unholy pain and torment.
You thrive by killing the living.


Message History

You puncture the rakshasa!
The rakshasa is severely wounded.
The rakshasa blinks!
You puncture the rakshasa!
You kill the rakshasa!
The rakshasa shimmers and vanishes!
You impale the rakshasa!!
You kill the rakshasa!
Okawaru accepts your kill.
No target in view!
No target in view!
(D) Dungeon (T) Temple (L) Lair (S) Swamp (P) Snake Pit (M) Slime Pits (O) Orcish Mines (E) Elven Halls (V) Vaults (C) Crypt (W) Tomb (U) Depths (H) Hell (I) Dis (G) Gehenna (X) Cocytus (Y) Tartarus (Z) Zot
Where to? (Enter - D:1, ? - help)
You see here a +0 robe.
There is a stone staircase leading up here.
You climb upwards.
There is a stone staircase leading down here.
There is a stone staircase leading up here.
You climb upwards.
Level annotation: 2 transporters, CrazyMind's ghost, amateur AtFi
There is a stone staircase leading down here.
There is an escape hatch in the floor here.
You see here a +0 dagger.
There is a stone staircase leading up here.
You climb upwards.
There is a stone staircase leading down here.
There is a stone staircase leading up here.
You climb upwards.
There is a stone staircase leading down here.
There is a stone staircase leading up here.
You climb upwards.
There is a stone staircase leading down here.
There is an open door here.
There is a staircase leading out of the dungeon here.
Unknown command.
You have escaped!

#..###.......................
#.#####..............#.......
#.###...#..##........>.######
###.#...####.#...........#
#.........##.............##
###.........########........##
..>.........##..3..#......#..##
............##.....#......##..#
.............+..@..'.....####.#
#...........##..2..#......# #.#
#...........##.....#......# #.#
............########......###.#
###........### #..........##..#
# ###.####...###..........##.##
# #.######..###............# #
#...# ##...........######
###.#####.######....########


You could see a cacodemon and a sixfirhy (wandering).

Vanquished Creatures
  Cerebov (Pan)
  Asmodeus (Geh:7)
  Antaeus (Coc:7)
  the Royal Jelly (Slime:5)
  Ereshkigal (Arena)
  Gloorx Vloq (Pan)
  A seraph (Pan)
  Lom Lobon (Pan)
  Dispater (Dis:7)
  10 dread liches
  3 ancient liches
  Mennas (Pan)
  4 orbs of fire
  The ghost of strangelove the Metallomancer, a master GrEE of Vehumet (Depths:1)
  Sojobo (Vaults:4)
  12 royal mummies
  19 shard shrikes
  Geryon (Hell)
  3 Killer Klowns
  Vashnia (Snake:4)
  18 caustic shrikes
  6 curse toes
  5 golden dragons
  2 pearl dragons (Pan)
  5 profane servitors
  9 bone dragons
  2 iron giants
  5 electric golems
  9 Tzitzimimeh
  9 doom hounds
  19 tentacled monstrosities
  10 Brimstone Fiends
  14 hellephants
  Jorgrun (Swamp:2)
  Mlioglotl (Swamp:2)
  12 tainted leviathans
  10 Ice Fiends
  A walking crystal tome (Depths:3)
  22 Orb Guardians (Zot:5)
  13 Hell Sentinels
  5 liches
  Rupert (D:13)
  10 searing wretches
  14 titans
  Grunn (Depths:4)
  4 quicksilver dragons
  16 acid blobs
  8 Executioners
  2 deep elf blademasters (Elf:3)
  2 death cobs
  A deep elf master archer (Elf:3)
  27 ancient champions
  11 sphinxes
  Frances (Swamp:1)
  Gastronok (Lair:1)
  4 tentacled starspawn
  A thorn hunter (Abyss:3)
  7 rockslimes (Slime:5)
  17 storm dragons
  10 shadow dragons
  Kirke (Swamp:4)
  4 draconian monks
  5 nagarajas
  4 fenstrider witches
  7 tengu reavers
  16 fire giants
  12 daevas (Pan)
  A demonspawn warmonger (Pan)
  9 azure jellies
  6 iron dragons
  6 revenants
  8 frost giants
  10 narguns
  7 quicksilver elementals
  Louise (Swamp:4)
  32 balrugs
  Aizul (Snake:1)
  4 draconian knights
  5 deep elf sorcerers
  3 draconian scorchers
  A caustic shrike zombie (Depths:3)
  2 curse skulls (Pan)
  7 ghost moths
  20 vault wardens
  6 ghouls
  4 shard shrike simulacra
  17 angels
  4 spectral caustic shrikes
  8 deep elf elementalists (Elf:3)
  2 spectral juggernauts
  8 cacodemons
  20 stone giants
  2 demonspawn corrupters (Pan)
  39 very ugly things
  3 draconian stormcallers
  7 ironbound thunderhulks
  11 draconian annihilators
  35 war gargoyles
  2 spriggan defenders (Depths:2)
  5 draconian shifters
  22 ironbound preservers
  7 quicksilver oozes
  6 green draconians
  9 ophanim (Pan)
  9 reapers
  A demonspawn blood saint (Pan)
  19 apis (Pan)
  13 vampire knights
  8 deep elf demonologists
  4 eleionomae
  5 demonspawn black suns (Pan)
  7 black draconians
  A spectral titan (Tar:1)
  14 deep elf annihilators
  23 elemental wellsprings
  15 purple draconians
  5 lorocyprocas
  8 red draconians
  6 yellow draconians
  15 putrid mouths
  5 bennus
  4 dire elephants
  6 white draconians
  6 spark wasps
  14 wendigos
  5 bunyips
  4 deep elf death magi
  A spectral quicksilver dragon (Tar:2)
  9 eidola
  8 ettins
  7 green deaths
  6 iron golems
  8 blizzard demons
  A merfolk javelineer (Abyss:3)
  11 fire dragons
  4 shambling mangroves
  5 entropy weavers
  6 deep elf high priests
  7 yaktaur captains
  Josephine (D:10)
  21 mummy priests
  4 spectral spriggans
  11 jiangshi
  9 great orbs of eyes
  9 hydras
  14 ice dragons
  9 caustic shrike simulacra
  A spectral fenstrider witch (Tar:1)
  14 salamander tyrants
  A bennu zombie (Crypt:3)
  A peacekeeper (Vaults:4)
  35 vault guards
  2 ogre magi
  2 ghost crabs
  7 spriggan air magi
  A hell beast (Pan)
  A quicksilver dragon skeleton (Crypt:3)
  A spriggan zombie (Depths:3)
  3 catoblepae
  6 anacondas
  8 stokers
  A spectral shadow dragon (Tar:1)
  12 alligators
  10 centaur warriors
  6 rakshasas
  10 ironbound frosthearts
  8 juggernaut simulacra
  A satyr (Abyss:3)
  8 boulder beetles
  A two-headed ogre (D:10)
  17 dancing weapons
  14 death yaks
  8 deep troll shamans
  A death knight (D:15)
  A two-headed ogre (shapeshifter) (D:14)
  4 orc high priests
  47 death scarabs
  An azure jelly zombie (Crypt:1)
  5 tengu warriors
  18 naga warriors
  42 hell hogs
  9 thrashing horrors
  Urug (Lair:5)
  17 vampire magi
  13 deep troll earth magi
  A titan zombie (Crypt:2)
  2 spectral dire elephants
  18 naga sharpshooters
  7 spriggan berserkers
  6 shock serpents
  8 soul eaters
  3 skysharks
  Nergalle (D:11)
  3 hell knights
  17 sixfirhies
  A bunyip zombie (Crypt:3)
  23 shadow wraiths
  3 storm dragon zombies
  33 sun demons
  7 iron trolls
  22 skeletal warriors
  11 deep elf knights
  3 salamander mystics (Snake:4)
  4 wretched stars
  14 large abominations
  Lodul (D:13)
  3 goliath frogs
  A fire crab (shapeshifter) (D:13)
  2 golden dragon zombies (Crypt:3)
  13 cherubim (Pan)
  A spectral anaconda (Tar:1)
  13 crystal echidnas
  3 glowing orange brains
  7 quicksilver dragon simulacra
  4 shadow demons
  A sea snake (shapeshifter) (Depths:4)
  2 death drakes (Swamp:4)
  5 flayed ghosts
  9 naga ritualists
  6 spriggan druids
  3 swamp dragons
  105 deep trolls
  5 bog bodies
  A swamp dragon (shapeshifter) (Vaults:5)
  12 phantasmal warriors
  13 wizards
  3 spriggan simulacra
  Pikel (D:5)
  A lindwurm (shapeshifter) (Vaults:2)
  11 lindwurms
  21 ironbound convokers
  5 necromancers
  An iron giant skeleton (Crypt:2)
  12 deep elf archers
  A shadow dragon zombie (Vaults:1)
  A fenstrider witch simulacrum (Coc:1)
  10 orc knights
  32 deep elf pyromancers
  21 deep elf zephyrmancers
  8 orc sorcerers
  5 mana vipers
  A shadow dragon skeleton (Depths:1)
  A sphinx zombie (Depths:1)
  60 ugly things
  A frost giant zombie (Depths:1)
  A stone giant zombie (Crypt:1)
  6 cyclopes
  2 shining eyes (Slime:5)
  15 salamanders
  An elephant (shapeshifter) (Vaults:5)
  A spectral centaur (Tar:2)
  A manticore (Lair:3)
  A sphinx skeleton (Crypt:1)
  2 worldbinders (Abyss:3)
  24 elephants
  30 moths of wrath
  2 eyes of devastation
  4 will-o-the-wisps
  5 guardian serpents
  A dire elephant zombie (Abyss:3)
  29 black mambas
  Joseph (Lair:1)
  An apocalypse crab (Abyss:3)
  15 naga magi
  A guardian serpent (shapeshifter) (Zig:4)
  4 demonic crawlers (Pan)
  3 ice statues
  3 titan simulacra
  9 cane toads
  10 rust devils
  A torpor snail (Lair:2)
  17 vault sentinels
  15 molten gargoyles
  Maurice (D:11)
  24 smoke demons
  9 orange demons
  A gargoyle (D:12)
  5 kobold demonologists
  13 freezing wraiths
  5 rime drakes
  6 unseen horrors
  6 komodo dragons
  A dire elephant skeleton (Abyss:3)
  3 efreet (Pan)
  17 tormentors
  31 hellions
  Maggie (D:6)
  A sea snake zombie (Hell)
  3 ice devils
  3 iron giant simulacra (Coc:7)
  33 yaktaurs
  2 tengu conjurers
  A yaktaur skeleton (Vaults:1)
  2 spectral nagas
  5 anaconda simulacra
  2 trolls (shapeshifter)
  A mana viper zombie (Crypt:2)
  34 guardian mummies
  8 trolls
  2 red devils (Pan)
  5 spectral harpies
  6 ancient zymes
  A silent spectre (Tar:2)
  5 harpy zombies
  A death drake zombie (Crypt:3)
  3 tyrant leeches
  A bloated husk (Swamp:1)
  A hydra zombie (Hell)
  A sea snake skeleton (Hell)
  19 polar bears
  12 hellwings
  18 hornets
  A harpy skeleton (Pan)
  40 blink frogs
  6 raiju (Abyss:3)
  A tengu simulacrum (Coc:1)
  A fire dragon zombie (Crypt:3)
  A tarantella (Vaults:4)
  A raiju (shapeshifter) (D:14)
  A dream sheep (shapeshifter) (Depths:2)
  6 dream sheep
  2 hydra skeletons (Hell)
  A stone giant simulacrum (Coc:1)
  4 iron dragon simulacra
  A jumping spider (shapeshifter) (Lair:5)
  7 dire elephant simulacra
  5 centaur simulacra
  18 spriggans
  A shadow (D:9)
  An ice dragon skeleton (Crypt:2)
  60 slime creatures
  9 wraiths
  11 ynoxinuls
  5 flying skulls
  A spriggan (shapeshifter) (Depths:3)
  3 air elementals
  4 wyverns
  A naga simulacrum (Coc:6)
  62 yaks
  14 vampires
  14 humans
  4 fire elementals
  14 ushabtiu
  13 water elementals
  4 redbacks
  6 basilisks
  A golden eye (Slime:5)
  11 vampire mosquitoes
  2 black mamba skeletons
  5 chaos spawn
  A sea snake simulacrum (Hell)
  A steam dragon (D:10)
  17 neqoxecs
  A human simulacrum (Vaults:1)
  4 wargs (Orc:2)
  61 nagas
  A naga (shapeshifter) (Lair:5)
  15 swamp worms
  10 harpy simulacra
  4 hydra simulacra
  An acid dragon (D:12)
  A floating eye (shapeshifter) (Vaults:5)
  A naga zombie (Crypt:2)
  A water moccasin (shapeshifter) (Lair:5)
  A floating eye (Slime:4)
  A hell hound (Zig:7)
  17 water moccasins
  4 sky beasts
  An ice beast (D:7)
  32 orc warriors
  2 black bears
  A hornet zombie (Ossuary)
  16 ogres
  A lindwurm zombie (Crypt:3)
  4 ettin simulacra
  8 centaurs
  46 wolves
  A blink frog skeleton (Crypt:1)
  2 lemures (D:5)
  A phantom (D:5)
  A vine stalker zombie (Crypt:2)
  2 kobold brigands (D:9)
  19 bullfrogs
  A gnoll sergeant (Orc:2)
  A wyvern zombie (Ossuary)
  A rime drake skeleton (Crypt:3)
  2 earth elementals (Elf:1)
  5 water moccasin zombies (Ossuary)
  5 necrophages
  A scorpion (D:5)
  35 wights
  6 killer bees (D:8)
  4 howler monkeys
  5 crimson imps
  4 bullfrog zombies (Ossuary)
  2 quasits (Abyss:3)
  A hound (D:6)
  An iron imp (Abyss:3)
  22 orc priests
  10 centaur zombies
  Crazy Yiuf (D:5)
  A gnoll bouda (D:6)
  23 starcursed masses (Abyss:3)
  Jessica (D:3)
  Ijyb (D:3)
  5 iguanas
  25 orc wizards
  17 small abominations
  2 killer bee zombies (Ossuary)
  A tengu zombie (Crypt:2)
  An acid dragon zombie (Crypt:2)
  A howler monkey zombie (Ossuary)
  46 mummies
  11 gnolls
  A howler monkey skeleton (Crypt:3)
  A swamp drake zombie (Crypt:2)
  9 adders
  A river rat (D:9)
  3 white imps
  2 ufetubi
  2 worms
  2 dart slugs
  50 orcs
  6 ball pythons
  4 endoplasms
  2 giant cockroaches
  6 goblins
  4 hobgoblins
  2 jackals (D:4)
  7 quokkas
  9 bats
  2 frilled lizards
  A frilled lizard skeleton (Crypt:1)
  14 kobolds
  A kobold skeleton (Crypt:2)
  5 rats
  A ball lightning (Pan)
  6 creeping infernos
  24 fire vortices
  A lurking horror (Abyss:3)
  3 starspawn tentacles
3579 creatures vanquished.

Vanquished Creatures (others)
  2 shard shrike simulacra (Coc:5)
  A red draconian (Zot:5)
  A bennu (Tomb:2)
  2 elemental wellsprings
  A wendigo (Coc:7)
  A vault guard (D:14)
  A caustic shrike simulacrum (Coc:4)
  A stoker (Geh:6)
  2 juggernaut simulacra (Coc:7)
  A hell hog (Geh:7)
  2 deep elf knights (Elf:3)
  2 crystal echidnas (Dis:7)
  A sixfirhy (Pan)
  A spriggan druid (Swamp:2)
  3 spriggan simulacra
  2 titan simulacra
  An orange demon (Pan)
  A smoke demon (Pan)
  2 hellions
  A tormentor (Dis:4)
  An anaconda simulacrum (Coc:5)
  An iron giant simulacrum (Coc:5)
  A bloated husk (Swamp:2)
  A dire elephant simulacrum (Coc:3)
  A vampire mosquito (Swamp:1)
  An ettin simulacrum (Coc:5)
  An ogre (D:13)
  2 naga simulacra (Coc:5)
  A mummy (Tomb:2)
  2 ball lightnings (Pan)
  2 creeping infernos
  4 fire vortices
  14 foxfires
  13 starspawn tentacles
74 creatures vanquished.

Grand Total: 3653 creatures vanquished

Notes
Turn   | Place    | Note
-------+----------+-------------------------------------------
     0 | D:1      | sm0rk the Ghoul Gladiator began the quest for the Orb.
     0 | D:1      | Reached XP level 1. HP: 17/17 MP: 0/0
   197 | D:1      | Reached XP level 2. HP: 24/24 MP: 1/1
   580 | D:2      | Reached XP level 3. HP: 25/29 MP: 2/2
   743 | D:2      | Found a shadowy altar of Dithmenos.
   750 | D:2      | Found Xoalio's Assorted Antiques.
   757 | D:2      | Bought a scroll labelled PIDYJE OTYOFA for 24 gold pieces
   757 | D:2      | Bought a scroll labelled ASTOR LOOR for 24 gold pieces
   757 | D:2      | Bought an emerald potion for 21 gold pieces
   970 | D:2      | Bought a scroll labelled XISOLI DYCW for 24 gold pieces
  1121 | D:3      | Reached XP level 4. HP: 36/36 MP: 3/3
  1418 | D:3      | Noticed Ijyb
  1428 | D:3      | Killed Ijyb
  1429 | D:3      | Reached XP level 5. HP: 24/41 MP: 4/4
  1513 | D:3      | Found a faded altar of an unknown god.
  1730 | D:3      | Noticed Jessica
  1738 | D:3      | Killed Jessica
  2390 | D:4      | Found a transporter.
  2392 | D:4      | Noticed CrazyMind's ghost (amateur AtFi)
  2408 | D:4      | Found Beeqe's Lightly-Used Armoury.
  2429 | D:4      | Found a transporter.
  2529 | D:4      | Found a staircase to the Ecumenical Temple.
  2588 | Temple   | Entered the Ecumenical Temple
  2899 | Temple   | Became a worshipper of Warmaster Okawaru
  2958 | D:4      | Found the +8 trident of the Octopus King {venom, rElec
                  | rPois}
  3300 | D:4      | Reached skill level 1 in Polearms
  3300 | D:4      | Reached XP level 6. HP: 48/48 MP: 5/5
  3370 | D:5      | Entered Level 5 of the Dungeon
  3611 | D:5      | Identified the +4 chain mail "Dyimm" {*Slow rPois Dex+3}
  3642 | D:5      | Noticed a black bear
  3652 | D:5      | Killed a black bear
  3663 | D:5      | Reached XP level 7. HP: 55/55 MP: 6/6
  3673 | D:5      | Noticed Pikel
  4149 | D:5      | Reached * piety under Okawaru
  4181 | D:5      | Found a runed translucent door.
  4182 | D:5      | Noticed Crazy Yiuf
  4226 | D:5      | Killed Pikel
  4226 | D:5      | Reached ** piety under Okawaru
  4227 | D:5      | Reached skill level 5 in Polearms
  4227 | D:5      | Reached skill level 5 in Throwing
  4227 | D:5      | Reached XP level 8. HP: 45/61 MP: 7/7
  4474 | D:5      | Killed Crazy Yiuf
  4596 | D:6      | Found Iviokaer's Distillery.
  4673 | D:6      | Bought a potion of curing for 39 gold pieces
  4673 | D:6      | Bought a potion of heal wounds for 65 gold pieces
  4816 | D:6      | Found Ismoesekli's Antique Armour Shop.
  4823 | D:6      | Reached *** piety under Okawaru
  4950 | D:6      | Found Kihur's Assorted Antiques.
  4952 | D:6      | Noticed Maggie
  4958 | D:6      | Killed Maggie
  4959 | D:6      | Reached XP level 9. HP: 51/67 MP: 8/8
  5018 | D:6      | Bought a scroll of identify for 48 gold pieces
  5019 | D:6      | Found Nifoumoo's Assorted Antiques.
  5168 | D:6      | Identified the +4 short sword of Onag Ick {heavy, +Blink}
  5293 | D:7      | Found a sand-covered staircase.
  5299 | Ossuary  | Entered an ossuary
  5441 | Ossuary  | Reached **** piety under Okawaru
  5518 | Ossuary  | Received a gift from Okawaru
  6016 | D:7      | Reached skill level 1 in Invocations
  6022 | D:7      | Reached XP level 10. HP: 48/73 MP: 7/9
  6863 | D:8      | Reached skill level 10 in Polearms
  7053 | D:8      | Reached ***** piety under Okawaru
  7516 | D:8      | Found a shadowy altar of Dithmenos.
  7664 | D:8      | Reached skill level 3 in Fighting
  8051 | D:9      | Noticed a kobold demonologist
  8051 | D:9      | Noticed a kobold demonologist
  8053 | D:9      | Noticed a kobold demonologist
  8053 | D:9      | Noticed a death yak
  8059 | D:9      | Noticed a death yak
  8064 | D:9      | Noticed a death yak
  8066 | D:9      | Noticed a smoke demon
  8070 | D:9      | Killed a kobold demonologist
  8071 | D:9      | Reached XP level 11. HP: 54/83 MP: 10/12
  8073 | D:9      | Noticed a soul eater
  8207 | D:9      | Found a staircase to the Lair.
  8314 | D:9      | Found a staircase to the Orcish Mines.
  8399 | D:9      | Reached skill level 4 in Fighting
  8492 | D:9      | Noticed a sixfirhy
  8780 | Lair:1   | Entered Level 1 of the Lair of Beasts
  8840 | Lair:1   | Identified the +4 short sword of Income {venom, Will- Str+5
                  | Int+2}
  8917 | Lair:1   | Received a gift from Okawaru
  8918 | Lair:1   | Reached skill level 5 in Fighting
  9107 | Lair:1   | Noticed a boulder beetle
  9272 | D:9      | Killed a death yak
  9417 | D:10     | Entered Level 10 of the Dungeon
  9692 | D:10     | Noticed Josephine
  9708 | D:10     | Killed Josephine
  9709 | D:10     | Reached skill level 6 in Fighting
  9722 | D:10     | Received a gift from Okawaru
 10352 | D:10     | Reached XP level 12. HP: 74/97 MP: 10/13
 10623 | D:10     | Noticed a two-headed ogre
 10634 | D:10     | Killed a two-headed ogre
 10724 | D:10     | Noticed a centaur warrior
 10732 | D:10     | Killed a centaur warrior
 10733 | D:10     | Reached skill level 7 in Fighting
 10733 | D:10     | Reached skill level 10 in Throwing
 10873 | D:10     | Identified the +2 helmet "Elo Limn" {rElec Dex+3} (Okawaru
                  | gifted it to you on level 10 of the Dungeon)
 10873 | D:10     | Received a gift from Okawaru
 11064 | D:9      | Killed a death yak
 11077 | D:9      | Killed a death yak
 11296 | Lair:1   | Killed a boulder beetle
 11864 | Lair:1   | Noticed Gastronok
 11883 | Lair:1   | Killed Gastronok
 11970 | Lair:1   | You fall into a shaft and drop 1 floor!
 12268 | Lair:1   | Noticed Joseph
 12331 | Lair:2   | Found a staircase to the Swamp.
 12418 | Lair:2   | Reached XP level 13. HP: 67/105 MP: 14/14
 12615 | Lair:2   | Received a gift from Okawaru
 14083 | Lair:3   | Found a staircase to the Snake Pit.
 14093 | Lair:3   | Received a gift from Okawaru
 14810 | Lair:3   | Reached skill level 1 in Armour
 15150 | Lair:3   | Received a gift from Okawaru
 15151 | Lair:3   | Reached skill level 8 in Fighting
 15589 | Lair:4   | Received a gift from Okawaru
 15745 | Lair:4   | Received a gift from Okawaru
 16143 | Lair:4   | Found a viscous altar of Jiyva.
 16144 | Lair:4   | Found a staircase to the Slime Pits.
 16233 | Lair:4   | Reached skill level 9 in Fighting
 16357 | Lair:4   | Received a gift from Okawaru
 16358 | Lair:4   | Reached skill level 5 in Invocations
 16358 | Lair:4   | Reached XP level 14. HP: 118/118 MP: 13/16
 16703 | Lair:5   | Entered Level 5 of the Lair of Beasts
 16716 | Lair:5   | Received a gift from Okawaru
 17303 | Lair:5   | Received a gift from Okawaru
 17304 | Lair:5   | Reached skill level 10 in Fighting
 17360 | Lair:5   | Received a gift from Okawaru
 17375 | Lair:5   | Found a frozen archway.
 17460 | IceCv    | Entered an ice cave
 17805 | IceCv    | Identified the +3 buckler of the Sun {Str-3 Int+5 Dex+2}
                  | (Okawaru gifted it to you in an ice cave)
 17805 | IceCv    | Received a gift from Okawaru
 17812 | IceCv    | Reached skill level 11 in Fighting
 18308 | IceCv    | Reached skill level 5 in Armour
 18314 | IceCv    | Reached skill level 1 in Shields
 18524 | IceCv    | Noticed a frost giant
 18557 | IceCv    | Killed a frost giant
 18640 | IceCv    | Identified the +0 plate armour "Kouphi" {Str+2}
 18806 | Lair:5   | Noticed Urug
 18836 | Lair:5   | Killed Urug
 18837 | Lair:5   | Reached skill level 12 in Fighting
 18837 | Lair:5   | Reached XP level 15. HP: 116/132 MP: 19/19
 19075 | Lair:5   | Received a gift from Okawaru
 19125 | Lair:5   | Identified the +8 rapier of Febrof {protect, +Blink rF+
                  | rCorr}
 19500 | Lair:5   | Received a gift from Okawaru
 19794 | Lair:5   | Reached skill level 13 in Fighting
 19939 | Lair:5   | Found a corrupted altar of Lugonu.
 19939 | Lair:5   | Found a one-way gate to the infinite horrors of the Abyss.
 20281 | Lair:1   | Killed Joseph
 20778 | Orc:1    | Entered Level 1 of the Orcish Mines
 20914 | Orc:2    | Entered Level 2 of the Orcish Mines
 21367 | Orc:2    | Found Fubuw's Book Emporium.
 21380 | Orc:2    | Reached skill level 15 in Throwing
 21383 | Orc:2    | Reached skill level 14 in Fighting
 21384 | Orc:2    | Received a gift from Okawaru
 21388 | Orc:2    | Found Gaoxt's Antique Armour Shop.
 22030 | Orc:2    | Found a staircase to the Elven Halls.
 22091 | Orc:2    | Found Yceneuh's Book Emporium.
 22245 | Orc:2    | Found Omipnid's Assorted Antiques.
 22246 | Orc:2    | Found Wuthel's General Store.
 22272 | Orc:2    | Bought a scroll of blinking for 82 gold pieces
 22272 | Orc:2    | Bought a scroll of identify for 22 gold pieces
 22274 | Orc:2    | Bought a scroll labelled FEONOMEIPA for 30 gold pieces
 22302 | Orc:2    | Bought a heavily runed chain mail for 190 gold pieces
 22302 | Orc:2    | Identified the +6 chain mail of the Guilds {rPois rF+ rN+
                  | MP-9} (You bought it in a shop on level 2 of the Orcish
                  | Mines)
 22313 | Orc:2    | Bought a pair of embroidered gloves for 150 gold pieces
 22332 | Orc:2    | Bought a scroll of blinking for 82 gold pieces
 22335 | Orc:2    | Identified a scroll of acquirement
 22336 | Orc:2    | Acquired the scarf "Xechuh" {shadows, rElec Str+4 Slay+3}
 22563 | D:6      | Bought a glowing soapstone amulet for 120 gold pieces
 22563 | D:6      | Bought a scroll of enchant weapon for 180 gold pieces
 22577 | D:6      | Bought a scroll of identify for 46 gold pieces
 22834 | D:11     | Noticed Nergalle
 22839 | D:11     | Killed Nergalle
 23024 | D:11     | Noticed Maurice
 23030 | D:11     | Killed Maurice
 23031 | D:11     | Reached skill level 15 in Fighting
 23752 | D:12     | Found Evets's Antique Weapon Shop.
 23843 | D:12     | Reached XP level 16. HP: 149/149 MP: 11/20
 23946 | D:12     | Found Loplefonno's Book Boutique.
 24762 | D:12     | Received a gift from Okawaru
 24858 | D:13     | Noticed Lodul
 25313 | D:13     | Received a gift from Okawaru
 25476 | D:13     | Killed Lodul
 25507 | D:13     | Found Ytuhak's Book Emporium.
 25567 | D:13     | Noticed Rupert
 25572 | D:13     | Killed Rupert
 25572 | D:13     | Received a gift from Okawaru
 25717 | D:14     | Reached skill level 16 in Fighting
 25942 | D:14     | Received a gift from Okawaru
 26449 | D:14     | Reached skill level 10 in Invocations
 26457 | D:14     | Received a gift from Okawaru
 26857 | D:14     | Received a gift from Okawaru
 26967 | D:14     | Found a gate to the Vaults.
 27239 | Snake:1  | Entered Level 1 of the Snake Pit
 27317 | Snake:1  | Received a gift from Okawaru
 27324 | Snake:1  | Reached skill level 17 in Fighting
 27400 | Snake:1  | Noticed Aizul
 27418 | Snake:1  | Killed Aizul
 27664 | Snake:1  | Reached skill level 5 in Shields
 28025 | Snake:1  | Identified the +7 bardiche "Qinwunee" {spect, rF++ Dex+3}
                  | (Okawaru gifted it to you on level 1 of the Snake Pit)
 28025 | Snake:1  | Received a gift from Okawaru
 28155 | Snake:1  | Found Picerchai's Book Boutique.
 28155 | Snake:1  | Found Ipacaici's Book Shop.
 28921 | Snake:2  | Noticed a nagaraja
 28929 | Snake:2  | Killed a nagaraja
 28930 | Snake:2  | Reached XP level 17. HP: 150/162 MP: 14/23
 29714 | Snake:3  | Reached skill level 18 in Fighting
 29800 | Snake:3  | Received a gift from Okawaru
 29849 | Snake:3  | Found Laoth's Assorted Antiques.
 29850 | Snake:3  | Found Sanixun's Book Shop.
 29853 | Snake:3  | Found Enadirphao's Jewellery Boutique.
 29856 | Snake:3  | Bought a pair of embroidered boots for 210 gold pieces
 30657 | Snake:4  | Entered Level 4 of the Snake Pit
 30671 | Snake:3  | Received a gift from Okawaru
 31361 | Snake:4  | Noticed Vashnia
 31402 | Snake:4  | Killed Vashnia
 32032 | Snake:4  | Reached skill level 19 in Fighting
 32042 | Snake:4  | Received a gift from Okawaru
 32146 | Snake:4  | Reached ****** piety under Okawaru
 32251 | Snake:4  | Received a gift from Okawaru
 32318 | Snake:4  | Received a gift from Okawaru
 32334 | Snake:4  | Reached XP level 18. HP: 75/176 MP: 13/24
 32357 | Snake:4  | Reached skill level 10 in Shields
 32455 | Snake:4  | Received a gift from Okawaru
 32603 | Snake:4  | Got a serpentine rune of Zot
 32931 | Swamp:1  | Entered Level 1 of the Swamp
 33061 | Arena    | Entered the Arena
 33474 | Swamp:1  | Reached skill level 20 in Fighting
 33522 | Swamp:1  | Noticed Frances
 33543 | Swamp:1  | Killed Frances
 33758 | Swamp:1  | You fall into a shaft and drop 1 floor!
 34005 | Swamp:2  | Identified the +0 cloak "Tuewilil" {Drain rN+ Regen+ Str+3}
                  | (Okawaru gifted it to you on level 2 of the Swamp)
 34005 | Swamp:2  | Received a gift from Okawaru
 34322 | Swamp:1  | Noticed a tentacled monstrosity
 34326 | Swamp:1  | Killed a tentacled monstrosity
 34609 | Swamp:2  | Noticed Mlioglotl
 34921 | Swamp:2  | Killed Mlioglotl
 34958 | Swamp:2  | Identified the +0 ring mail "Plog" {Regen+ Str-3 SInv}
 34974 | Swamp:2  | Noticed Jorgrun
 34985 | Swamp:2  | Killed Jorgrun
 36024 | Swamp:4  | Entered Level 4 of the Swamp
 36085 | Swamp:4  | Noticed Louise
 36102 | Swamp:4  | Killed Louise
 36205 | Swamp:4  | Noticed Kirke
 36215 | Swamp:4  | Killed Kirke
 36338 | Swamp:4  | Identified the +14 crystal plate armour "Uwkit" {Fly Regen+
                  | Int-5} (Okawaru gifted it to you on level 4 of the Swamp)
 36338 | Swamp:4  | Received a gift from Okawaru
 36415 | Swamp:4  | Got Heob's Lectures on Frost
 36594 | Swamp:4  | Reached XP level 19. HP: 129/185 MP: 16/25
 36984 | Swamp:4  | Noticed a tentacled monstrosity
 36995 | Swamp:4  | Killed a tentacled monstrosity
 37025 | Swamp:4  | Identified the orb "Gagotierr" {guile, *Slow rPois rF++
                  | Dex+2}
 37147 | Swamp:4  | Got a decaying rune of Zot
 37291 | Swamp:4  | Reached skill level 15 in Shields
 37585 | Vaults:1 | Entered Level 1 of the Vaults
 38209 | Vaults:1 | Received a gift from Okawaru
 38756 | Vaults:1 | Acquired 1133 gold pieces
 39758 | Vaults:2 | Received a gift from Okawaru
 40228 | Vaults:2 | Reached XP level 20. HP: 176/193 MP: 17/26
 40270 | Vaults:2 | Received a gift from Okawaru
 40616 | Vaults:2 | Received a gift from Okawaru
 41025 | Vaults:2 | Received a gift from Okawaru
 41673 | Vaults:3 | You fall into a shaft and drop 1 floor!
 41685 | Vaults:4 | Received a gift from Okawaru
 41790 | Vaults:4 | Reached skill level 10 in Armour
 42021 | Vaults:3 | Received a gift from Okawaru
 42343 | Vaults:3 | Received a gift from Okawaru
 42376 | Vaults:3 | Received a gift from Okawaru
 42661 | Vaults:3 | Received a gift from Okawaru
 42705 | Vaults:3 | Received a gift from Okawaru
 43030 | Vaults:3 | Found a staircase to the Crypt.
 43030 | Vaults:3 | Found a basalt altar of Yredelemnul.
 43031 | Vaults:3 | Found an ancient bone altar of Kikubaaqudgha.
 43037 | Vaults:3 | Received a gift from Okawaru
 43853 | Vaults:4 | Identified the +6 quarterstaff of Pudi {elec, rC+}
 43888 | Vaults:4 | Identified the +2 scale mail of Serendipity {Drain rN+
                  | Dex+3 SInv} (Okawaru gifted it to you on level 4 of the
                  | Vaults)
 43888 | Vaults:4 | Received a gift from Okawaru
 43889 | Vaults:4 | Reached XP level 21. HP: 201/201 MP: 18/27
 43942 | Vaults:4 | Noticed Sojobo
 44127 | Vaults:4 | Paralysed by an air elemental for 1 turns
 44429 | Vaults:4 | Identified the +9 hand axe of the Witching Gods {flame, rN+
                  | MP-9 SInv Stlth+}
 44645 | Vaults:4 | Found Vogen's Book Emporium.
 44774 | Vaults:4 | Paralysed by an air elemental for 1 turns
 44787 | Vaults:4 | Paralysed by an air elemental for 1 turns
 44792 | Vaults:4 | Killed Sojobo
 45941 | D:6      | Bought a scroll of magic mapping for 172 gold pieces
 45941 | D:6      | Bought a scroll of magic mapping for 172 gold pieces
 45941 | D:6      | Bought a scroll of enchant armour for 172 gold pieces
 46124 | D:15     | Entered Level 15 of the Dungeon
 46124 | D:15     | Found Rickumio's Weapon Shop.
 46340 | D:15     | Found a hide-covered altar of Uskayaw.
 46630 | D:15     | Found a staircase to the Depths.
 46640 | D:15     | Reached skill level 1 in Evocations
 47098 | Depths:1 | Entered Level 1 of the Depths
 47658 | Depths:1 | Received a gift from Okawaru
 48062 | Depths:1 | Received a gift from Okawaru
 48101 | Depths:1 | Reached skill level 5 in Evocations
 48553 | Depths:1 | Reached skill level 21 in Fighting
 48561 | Depths:1 | Reached XP level 22. HP: 72/213 MP: 8/28
 48848 | Depths:1 | Found a gateway to Hell.
 49253 | Depths:1 | Found a runed translucent door.
 49255 | Depths:1 | Noticed strangelove's ghost (master GrEE)
 49917 | Depths:2 | Found a one-way gate leading to the halls of Pandemonium.
 49949 | Depths:2 | Found Halatif's Book Shoppe.
 49949 | Depths:2 | Found Haonwe's Book Shoppe.
 49949 | Depths:2 | Found Lileuj's Jewellery Boutique.
 50199 | Depths:2 | Noticed a golden dragon
 50213 | Depths:2 | Killed a golden dragon
 50253 | Depths:2 | Received a gift from Okawaru
 50254 | Depths:2 | Identified the orb "Gadyj" {guile, Int+2}
 50983 | Depths:2 | Reached skill level 10 in Evocations
 51064 | Depths:3 | Found Qoick's Antique Weapon Emporium.
 51289 | Depths:3 | Identified the +4 eveningstar of Contradiction {freeze,
                  | Will+ Int+3} (Okawaru gifted it to you on level 3 of the
                  | Depths)
 51289 | Depths:3 | Received a gift from Okawaru
 51781 | Depths:3 | Found a one-way gateway to a ziggurat.
 52481 | Depths:4 | Entered Level 4 of the Depths
 52481 | Depths:4 | Found a portal to a secret trove of treasure.
 52577 | Depths:3 | Reached XP level 23. HP: 160/220 MP: 12/29
 52969 | Depths:3 | Reached skill level 15 in Polearms
 52991 | Depths:3 | Received a gift from Okawaru
 53432 | Depths:4 | Noticed a juggernaut
 54252 | Depths:4 | Found a gate to the Realm of Zot.
 54732 | Depths:4 | Found Leven's Antique Weapon Emporium.
 54795 | Depths:4 | Received a gift from Okawaru
 54802 | Depths:4 | Noticed Grunn
 54831 | Depths:4 | Killed Grunn
 55037 | Depths:4 | Found a runed translucent door.
 55051 | Depths:4 | Identified the +9 ring mail of Edafuf {Rampage Regen+ Str-4
                  | Slay-2} (Okawaru gifted it to you on level 4 of the Depths)
 55051 | Depths:4 | Received a gift from Okawaru
 55070 | Depths:4 | Identified the staff of fire "Eseypig" {rF+ rN+ Dex+6}
 56082 | Vaults:5 | Entered Level 5 of the Vaults
 56403 | Vaults:5 | Identified the amulet "Onufibli" {Acrobat rF+ rCorr}
 56406 | Arena    | Entered the Arena
 56409 | Arena    | Reached XP level 24. HP: 70/231 MP: 2/29
 56766 | Vaults:5 | Identified the ring of Goezapal {rPois rN+++ Str-3 Int+6
                  | SInv}
 56859 | Vaults:5 | Reached skill level 22 in Fighting
 57029 | Vaults:5 | Identified the +5 scale mail of Kleptomania {Str+8 Int-5}
 57197 | Vaults:5 | Identified the staff of poison "Qiyff" {rPois rC+ Str+3
                  | Dex+2}
 57492 | Vaults:5 | Received a gift from Okawaru
 57875 | Vaults:5 | Found Vacruf's Antique Weapon Shoppe.
 57883 | Vaults:5 | Found Vyontu's Antique Armour Shop.
 57919 | Vaults:5 | Found Askemmi's Distillery.
 57923 | Vaults:5 | Bought a potion of might for 92 gold pieces
 57923 | Vaults:5 | Bought a potion of haste for 230 gold pieces
 57923 | Vaults:5 | Bought a potion of heal wounds for 115 gold pieces
 57923 | Vaults:5 | Bought a potion of experience for 1150 gold pieces
 57923 | Vaults:5 | Reached XP level 25. HP: 238/238 MP: 29/29
 57934 | Vaults:5 | Found Seamelat's Antique Weapon Emporium.
 58033 | Vaults:5 | Got a silver rune of Zot
 58041 | Vaults:5 | Identified the +5 falchion of Edoatoum {freeze, rPois}
 58606 | Elf:1    | Entered Level 1 of the Elven Halls
 58687 | Elf:1    | Received a gift from Okawaru
 59055 | Depths:2 | Voluntarily entered the Abyss.
 59292 | Abyss:1  | Found an opulent altar of Gozag.
 59292 | Abyss:1  | Found a radiant altar of Vehumet.
 59292 | Abyss:1  | Found a sparkling altar of Nemelex Xobeh.
 59292 | Abyss:1  | Found a blossoming altar of Fedhas.
 59293 | Abyss:1  | Found an iron altar of Okawaru.
 59293 | Abyss:1  | Found a shadowy altar of Dithmenos.
 59293 | Abyss:1  | Found a broken altar of Ashenzari.
 59293 | Abyss:1  | Found a shimmering blue altar of Sif Muna.
 59293 | Abyss:1  | Found a burning altar of Makhleb.
 59293 | Abyss:1  | Found a hazy altar of Hepliaklqana.
 59342 | Abyss:1  | Found a hide-covered altar of Uskayaw.
 59342 | Abyss:1  | Found an ornate altar of the Wu Jian Council.
 59346 | Abyss:1  | Found a basalt altar of Yredelemnul.
 59346 | Abyss:1  | Found a stormy altar of Qazlal.
 59346 | Abyss:1  | Found a bloodstained altar of Trog.
 59348 | Abyss:1  | Found a hide-covered altar of Uskayaw.
 59348 | Abyss:1  | Found a snail-covered altar of Cheibriados.
 59348 | Abyss:1  | Found a shimmering altar of Xom.
 59350 | Abyss:1  | Found an ancient bone altar of Kikubaaqudgha.
 59505 | Abyss:3  | Received a gift from Okawaru
 59630 | Abyss:3  | Found a corrupted altar of Lugonu.
 59785 | Abyss:3  | Reached XP level 26. HP: 185/246 MP: 29/29
 59806 | Abyss:3  | Found a corrupted altar of Lugonu.
 59984 | Abyss:3  | Paralysed by accursed screaming for 2 turns
 60009 | Abyss:3  | Got an abyssal rune of Zot
 60159 | Depths:2 | Escaped the Abyss
 60574 | Elf:1    | Received a gift from Okawaru
 60712 | Elf:1    | Paralysed by an air elemental for 1 turns
 61307 | Elf:1    | Found a runed translucent gate.
 61308 | Elf:1    | Found a runed translucent gate.
 61308 | Elf:1    | Found a runed translucent gate.
 61494 | Elf:2    | Received a gift from Okawaru
 61672 | Elf:2    | Found a huge runed translucent gate.
 61672 | Elf:2    | Found a huge runed translucent gate.
 61673 | Elf:2    | Found a huge runed translucent gate.
 62121 | Elf:2    | Found a huge runed translucent gate.
 62121 | Elf:2    | Found a huge runed translucent gate.
 62169 | Elf:3    | Entered Level 3 of the Elven Halls
 63017 | Elf:3    | Reached skill level 15 in Armour
 63033 | Elf:3    | Received a gift from Okawaru
 63296 | Elf:3    | Received a gift from Okawaru
 63346 | Elf:3    | Identified the +8 flail of Toizoi {holy, +Blink Will+}
 63360 | Elf:3    | Identified the ring of Life {rElec Str+6}
 63371 | Elf:3    | Identified the +4 falchion of Tortfeasance {heavy, rC+
                  | Will- Int+3}
 63385 | Elf:3    | Identified the +10 quarterstaff "Apit" {venom, rC+ Will-
                  | rCorr Dex+5}
 63407 | Elf:3    | Identified the staff of fire "Pion" {rF+ rN+ Str+2 Int+4
                  | Dex-5}
 63408 | Elf:3    | Identified the staff of earth "Ruschiock" {+Blink}
 63416 | Elf:3    | Identified the +0 pair of boots of Abbod {Dex+3}
 63456 | Elf:3    | Identified the +8 whip "Moconem" {flame, rF+++ Will+ Str+3
                  | Dex-4}
 63456 | Elf:3    | Identified the ring of Gyqaxul {Drain rC- rCorr EV+5 Dex+5}
 63469 | Elf:3    | Identified the staff of earth "Pahuvvust" {Str+2}
 63471 | Elf:3    | Identified the +5 rapier of Coexash {heavy, rC+}
 63480 | Elf:3    | Identified the staff of death "Vautorown" {rN+ Dex+2}
 63948 | Slime:1  | Entered Level 1 of the Pits of Slime
 64155 | Slime:5  | Entered Level 5 of the Pits of Slime
 64177 | Slime:5  | Reached XP level 27. HP: 227/254 MP: 29/29
 64282 | Slime:5  | Noticed the Royal Jelly
 64659 | Slime:5  | Killed the Royal Jelly
 64659 | Slime:5  | Received a gift from Okawaru
 64975 | Slime:5  | Found the +9 scales of the Dragon King {rPois rF+ rC+
                  | Will+}
 64979 | Slime:5  | Identified the staff of cold "Imyli" {rC+ Str+3}
 65019 | Slime:5  | Identified the +3 war axe of Benevolence {drain, Will+}
 65024 | Slime:5  | Identified the +7 halberd "Tecluab" {heavy, Drain rN+ rCorr
                  | SInv}
 65039 | Slime:5  | Identified the staff of cold "Qyorotom" {rC+ Dex+3}
 65059 | Slime:5  | Identified the staff of death "Yneithrogh" {Contam rC+++
                  | rN+ rCorr Int-4 Dex+3}
 65061 | Slime:5  | Got a slimy rune of Zot
 65478 | Crypt:1  | Entered Level 1 of the Crypt
 65823 | Crypt:1  | Received a gift from Okawaru
 66135 | Crypt:1  | Identified the +2 robe "Fiataora" {Dex+2} (Okawaru gifted
                  | it to you on level 1 of the Crypt)
 66135 | Crypt:1  | Received a gift from Okawaru
 67013 | Crypt:3  | Entered Level 3 of the Crypt
 67013 | Crypt:3  | Noticed an ancient lich
 67098 | Crypt:3  | Killed an ancient lich
 68423 | Crypt:3  | Found a staircase to the Tomb.
 68868 | Depths:4 | You paid a toll of +3 storm dragon scales to enter a
                  | treasure trove
 68869 | Trove    | Entered a treasure trove
 68871 | Trove    | Identified the +1 kite shield of Moral Flaws {Dex+5}
 68872 | Trove    | Identified the amulet "Kauckax" {Regen+ Int+2}
 68875 | Trove    | Identified the amulet "Umeij" {Faith -Tele rF+ rC++ Stlth+}
 68877 | Trove    | Identified the +4 buckler of Bellicose Happiness {rC+
                  | Int+2}
 68880 | Trove    | Identified the ring of the Ban {Int+6 SInv}
 68885 | Trove    | Identified the +0 hat of the Sacrificial Victim {+Blink
                  | Dex+3}
 68887 | Trove    | Identified the +1 hat of Ustoit {rF+ rN+ Stlth+}
 68889 | Trove    | Identified the +1 hat of Elyvilon's Regard {-Cast rC+ rN+
                  | SInv}
 68898 | Trove    | Identified the ring "Xoulemeh" {rC+ Will+ rCorr Int-2
                  | Dex+3}
 68911 | Trove    | Identified the ring "Kurch" {rElec rN+}
 68918 | Trove    | Identified the ring of Tempters {rElec rCorr EV+5 Str+2}
 69165 | Zot:1    | Entered Level 1 of the Realm of Zot
 69572 | Zot:1    | Received a gift from Okawaru
 69836 | Zot:1    | Noticed an orb of fire
 69843 | Zot:1    | Killed an orb of fire
 70445 | Zot:1    | Received a gift from Okawaru
 71023 | Zot:2    | Reached skill level 23 in Fighting
 71067 | Zot:2    | Received a gift from Okawaru
 71692 | Zot:3    | Received a gift from Okawaru
 71823 | Zot:3    | Got Veugic's Thoughts on Frostbitten Fascination
 72379 | Zot:3    | You fall into a shaft and drop 1 floor!
 72410 | Zot:4    | Received a gift from Okawaru
 73146 | Zot:4    | Received a gift from Okawaru
 73309 | Zot:4    | Reached skill level 5 in Dodging
 73391 | Zot:4    | Reached skill level 24 in Fighting
 73749 | Zot:4    | Identified the +2 lajatang "Riwuuss" {pain, *Rage Str+6
                  | Dex+3}
 73774 | Zot:4    | Received a gift from Okawaru
 74192 | Zot:5    | Entered Level 5 of the Realm of Zot
 74901 | Zot:5    | Identified the +8 quarterstaff "Jellyslayer" {speed, rPois
                  | rF+++ rN++ Dex-4} (Okawaru gifted it to you on level 5 of
                  | the Realm of Zot)
 74901 | Zot:5    | Received a gift from Okawaru
 75009 | Zot:5    | Noticed a dread lich
 75014 | Zot:5    | Noticed a dread lich
 75024 | Zot:5    | Killed a dread lich
 75053 | Zot:5    | Killed a dread lich
 75102 | Zot:5    | Noticed an orb of fire
 75111 | Zot:5    | Killed an orb of fire
 75121 | Zot:5    | Reached skill level 10 in Dodging
 75124 | Zot:5    | Noticed an orb of fire
 75157 | Zot:5    | Banished an orb of fire
 75215 | Zot:5    | Noticed an orb of fire
 75228 | Zot:5    | Killed an orb of fire
 75254 | Zot:5    | Received a gift from Okawaru
 75383 | Zot:5    | Noticed a dread lich
 75399 | Zot:5    | Banished a dread lich
 75484 | Zot:5    | Reached skill level 5 in Stealth
 75493 | Zot:5    | Received a gift from Okawaru
 75575 | Zot:5    | Received a gift from Okawaru
 75649 | Zot:5    | Noticed an orb of fire
 75660 | Zot:5    | Noticed a dread lich
 75675 | Zot:5    | Killed an orb of fire
 75690 | Zot:5    | Noticed a dread lich
 75935 | Zot:5    | Killed a dread lich
 75936 | Zot:5    | Reached skill level 10 in Stealth
 76076 | Zot:5    | Noticed a dread lich
 76086 | Zot:5    | Killed a dread lich
 76086 | Zot:5    | Identified the +0 robe of Kofiuc Bink {Slay+2 SInv
                  | Archmagi} (Okawaru gifted it to you on level 5 of the Realm
                  | of Zot)
 76086 | Zot:5    | Received a gift from Okawaru
 76096 | Zot:5    | Killed a dread lich
 76170 | Zot:5    | Noticed a dread lich
 76186 | Zot:5    | Killed a dread lich
 76241 | Zot:5    | Noticed a dread lich
 76256 | Zot:5    | Killed a dread lich
 76611 | Hell     | Entered the Vestibule of Hell
 76611 | Hell     | Noticed Geryon
 76627 | Hell     | Killed Geryon
 76944 | Hell     | Found a gateway to the ashen valley of Gehenna.
 77103 | Hell     | Found a gateway to the freezing wastes of Cocytus.
 77318 | Hell     | Found a gateway to the Iron City of Dis.
 77441 | Hell     | Found a gateway to the decaying netherworld of Tartarus.
 77588 | Depths:3 | Banished a juggernaut
 77860 | Tomb:1   | Entered Level 1 of the Tomb of the Ancients
 78213 | Tomb:1   | Noticed a royal mummy
 78213 | Tomb:1   | Noticed a royal mummy
 78216 | Tomb:1   | Noticed a royal mummy
 78225 | Tomb:1   | Noticed a royal mummy
 78237 | Tomb:1   | Killed a royal mummy
 78237 | Tomb:1   | Received a gift from Okawaru
 78241 | Tomb:1   | Killed a royal mummy
 78247 | Tomb:1   | Killed a royal mummy
 78248 | Tomb:1   | Reached skill level 25 in Fighting
 78259 | Tomb:1   | Killed a royal mummy
 78321 | Tomb:1   | Identified the +8 shortbow "Fickoim" {drain, Will+}
 78721 | Tomb:2   | Noticed a royal mummy
 78730 | Tomb:2   | Received a gift from Okawaru
 78766 | Tomb:2   | Received a gift from Okawaru
 79023 | Tomb:3   | Entered Level 3 of the Tomb of the Ancients
 79044 | Tomb:3   | Noticed a royal mummy
 79048 | Tomb:3   | Identified the +1 spear of Sekhliyc {venom, rElec rPois
                  | Int+2 SInv} (Okawaru gifted it to you on level 3 of the
                  | Tomb of the Ancients)
 79048 | Tomb:3   | Received a gift from Okawaru
 79049 | Tomb:3   | Noticed a royal mummy
 79060 | Tomb:3   | Noticed a royal mummy
 79068 | Tomb:3   | Banished a royal mummy
 79081 | Tomb:3   | Killed a royal mummy
 79090 | Tomb:3   | Killed a royal mummy
 79097 | Tomb:3   | Noticed a royal mummy
 79114 | Tomb:3   | Killed a royal mummy
 79119 | Tomb:3   | Noticed a royal mummy
 79126 | Tomb:3   | Reached skill level 15 in Evocations
 79161 | Tomb:3   | Killed a royal mummy
 79166 | Tomb:3   | Noticed a royal mummy
 79168 | Tomb:3   | Noticed a royal mummy
 79171 | Tomb:3   | Noticed a royal mummy
 79172 | Tomb:3   | Noticed a royal mummy
 79186 | Tomb:3   | Killed a royal mummy
 79194 | Tomb:3   | Got a golden rune of Zot
 79367 | Tomb:3   | Killed a royal mummy
 79428 | Tomb:3   | Found the +7 great mace "Firestarter" {flame, immolate,
                  | rFlCloud rF++}
 79434 | Tomb:3   | Killed a royal mummy
 79455 | Tomb:3   | Identified the +1 battleaxe of the Feeding Gods {speed,
                  | rPois rF- Int+6}
 79466 | Tomb:3   | Identified the ring of Nimaime {rPois rF+}
 79471 | Tomb:3   | Got the Atlas of Ceraunoscopy and Battle Magic
 79511 | Tomb:3   | Identified the staff of poison "Regeetoki" {rPois Str+3
                  | Stlth+}
 79512 | Tomb:3   | Identified the ring "Voadiob" {rElec rCorr}
 79515 | Tomb:3   | Identified the +9 trident of Ihyhaleo {heavy, Str+4}
 79650 | Tomb:3   | Got the Handbook of Inflammable Attacks
 79670 | Tomb:3   | Killed a royal mummy
 79782 | Tomb:3   | Identified the +4 hand axe "Meneicsaed" {heavy, rC- MP+9
                  | Str+3 SInv}
 79838 | Tomb:3   | Identified the +10 rapier of Resumed Hostilities {drain,
                  | rElec Will+ Dex+3}
 80396 | Tar:1    | Entered Level 1 of Tartarus
 80441 | Tar:1    | Received a gift from Okawaru
 80948 | Tar:2    | Received a gift from Okawaru
 81479 | Tar:4    | Noticed an ancient lich
 81514 | Tar:4    | Killed an ancient lich
 81806 | Tar:7    | Entered Level 7 of Tartarus
 82054 | Tar:7    | Received a gift from Okawaru
 82906 | Tar:7    | Noticed Ereshkigal
 82936 | Arena    | Entered the Arena
 82943 | Arena    | Killed Ereshkigal
 83132 | Tar:7    | Got a bone rune of Zot
 84479 | Dis:1    | Entered Level 1 of the Iron City of Dis
 85122 | Dis:1    | Noticed a dread lich
 85142 | Dis:1    | Identified the +0 chain mail "Ytwol" {Str+4 Dex+2 Stlth+}
                  | (Okawaru gifted it to you on level 1 of the Iron City of
                  | Dis)
 85142 | Dis:1    | Received a gift from Okawaru
 85145 | Dis:1    | Banished a dread lich
 85148 | Dis:1    | Noticed an ancient lich
 85183 | Dis:1    | Killed an ancient lich
 85795 | Dis:4    | Noticed a dread lich
 85800 | Dis:4    | Killed a dread lich
 85818 | Dis:4    | Noticed an ancient lich
 86089 | Dis:4    | Banished an ancient lich
 86162 | Dis:4    | Found a burning altar of Makhleb.
 87871 | Dis:7    | Entered Level 7 of the Iron City of Dis
 87907 | Dis:7    | Reached skill level 15 in Dodging
 88624 | Dis:7    | Received a gift from Okawaru
 88989 | Dis:7    | Noticed a dread lich
 89013 | Dis:7    | Killed a dread lich
 89014 | Dis:7    | Reached skill level 15 in Invocations
 89056 | Dis:7    | Identified the staff of death "Roon" {rElec rC+ rN+ Str-2
                  | Int+3}
 89057 | Dis:7    | Identified the staff of fire "Ras Nite" {rPois rF+ rCorr}
 89323 | Dis:7    | Received a gift from Okawaru
 89802 | Dis:7    | Noticed the Serpent of Hell
 89805 | Dis:7    | Noticed a juggernaut
 89811 | Dis:7    | Banished the Serpent of Hell
 89968 | Dis:7    | Noticed a juggernaut
 89972 | Dis:7    | Banished a juggernaut
 90215 | Dis:7    | Banished a juggernaut
 90305 | Dis:7    | Noticed a juggernaut
 90308 | Dis:7    | Banished a juggernaut
 90352 | Dis:7    | Noticed Dispater
 90389 | Dis:7    | Killed Dispater
 90466 | Dis:7    | Got an iron rune of Zot
 90710 | Coc:1    | Entered Level 1 of Cocytus
 90918 | Coc:2    | Received a gift from Okawaru
 90935 | Coc:3    | Paralysed by a wendigo for 1 turns
 91138 | Coc:4    | Received a gift from Okawaru
 91543 | Coc:5    | Paralysed by a wendigo for 1 turns
 92152 | Coc:7    | Entered Level 7 of Cocytus
 92242 | Coc:7    | Paralysed by a wendigo for 1 turns
 92259 | Coc:7    | Paralysed by a wendigo for 1 turns
 92361 | Coc:7    | Received a gift from Okawaru
 92500 | Coc:7    | Paralysed by a wendigo for 1 turns
 92754 | Coc:7    | Received a gift from Okawaru
 92948 | Coc:7    | Received a gift from Okawaru
 92990 | Coc:7    | Received a gift from Okawaru
 93144 | Coc:7    | Identified the +4 chain mail of Polish {rPois rN+}
 93213 | Coc:7    | Noticed Antaeus
 93240 | Coc:7    | Killed Antaeus
 93240 | Coc:7    | Identified the +0 cloak "Paenumoq" {Will+ Dex+3 Stlth+}
                  | (Okawaru gifted it to you on level 7 of Cocytus)
 93240 | Coc:7    | Received a gift from Okawaru
 93268 | Coc:7    | Got an icy rune of Zot
 93306 | Coc:7    | Identified the staff of cold "Uduplum" {rPois rC+ Will+
                  | Str-3}
 93307 | Coc:7    | Identified the +3 mace "Laut" {protect, rPois rF+ rC+
                  | Stlth+}
 93558 | Geh:1    | Entered Level 1 of Gehenna
 94340 | Geh:3    | Noticed a dread lich
 94346 | Geh:3    | Killed a dread lich
 94364 | Geh:3    | Learned a level 2 spell: Blink
 94565 | Geh:4    | Reached skill level 1 in Translocations
 94568 | Geh:4    | Reached skill level 1 in Spellcasting
 95220 | Geh:6    | Noticed a dread lich
 95241 | Geh:6    | Banished a dread lich
 95257 | Geh:6    | Reached skill level 5 in Translocations
 95420 | Geh:7    | Entered Level 7 of Gehenna
 95714 | Zig:1    | Entered Level 1 of a ziggurat
 95893 | Zig:2    | Entered Level 2 of a ziggurat
 95922 | Zig:3    | Entered Level 3 of a ziggurat
 95948 | Zig:3    | Identified the staff of cold "Doyla" {rC+ rCorr Dex+3
                  | Stlth+}
 95952 | Zig:4    | Entered Level 4 of a ziggurat
 95981 | Zig:4    | Received a gift from Okawaru
 95995 | Zig:4    | Identified the amulet "Lienal" {Reflect -Tele Dex+4 SH+5}
 96022 | Zig:5    | Entered Level 5 of a ziggurat
 96027 | Zig:5    | Found the +3 greatsling "Punk" {acid, rCorr}
 96087 | Zig:5    | Identified the staff of conjuration "Omainub" {rF+ rN++
                  | Int+5}
 96096 | Zig:6    | Entered Level 6 of a ziggurat
 96160 | Zig:7    | Entered Level 7 of a ziggurat
 96167 | Zig:7    | Noticed an orb of fire
 96167 | Zig:7    | Noticed an orb of fire
 96168 | Zig:7    | Noticed an orb of fire
 96200 | Geh:7    | Reached skill level 5 in Spellcasting
 96729 | Geh:7    | Received a gift from Okawaru
 97117 | Geh:7    | Received a gift from Okawaru
 97634 | Geh:7    | Reached skill level 10 in Translocations
 98292 | Geh:7    | Found the +13 sceptre of Asmodeus
 98292 | Geh:7    | Noticed Asmodeus
 98311 | Geh:7    | Killed Asmodeus
 98341 | Geh:7    | Got an obsidian rune of Zot
 98651 | Depths:1 | Killed strangelove's ghost
 98727 | Pan      | Entered Pandemonium
 98779 | Pan      | Received a gift from Okawaru
 98826 | Pan      | Found an exit through the horrors of the Abyss.
 99584 | Pan      | Reached skill level 10 in Spellcasting
101932 | Pan      | Learned a level 4 spell: Passage of Golubria
101980 | Pan      | Noticed a seraph
101992 | Pan      | Killed a seraph
102011 | Pan      | Identified the +1 glaive of the Hero {heavy, *Corrode
                  | Int+6}
102013 | Pan      | Got a demonic rune of Zot
102060 | Pan      | Identified the +0 scale mail "Qomasaf" {Harm *Corrode +Inv}
102064 | Pan      | Identified the +11 morningstar of Eternal Night {heavy,
                  | *Noise Dex+5}
102072 | Pan      | Identified the ring "Cileppan" {rPois Dex+6}
102099 | Pan      | Identified the +6 short sword of Sety {spect, Will++ Int+3
                  | Dex+3}
102655 | Pan      | Identified the +4 hat of Boboevve {rPois Str+3 Slay+4}
                  | (Okawaru gifted it to you in Pandemonium)
102655 | Pan      | Received a gift from Okawaru
102731 | Pan      | Entered the realm of Mnoleg.
102846 | Pan      | Noticed Mnoleg
102849 | Pan      | Banished Mnoleg
102876 | Pan      | Got a glowing rune of Zot
103034 | Pan      | Entered the realm of Gloorx Vloq.
103159 | Pan      | Reached skill level 15 in Stealth
103182 | Pan      | Acquired the +1 pair of boots of Caumir {rF+ Slay+2}
103203 | Pan      | Noticed Gloorx Vloq
103225 | Pan      | Killed Gloorx Vloq
103242 | Pan      | Got a dark rune of Zot
103493 | Pan      | Found an exit through the horrors of the Abyss.
103570 | Pan      | Entered the realm of Cerebov.
103620 | Pan      | Found the +6 sword of Cerebov {flame}
103620 | Pan      | Noticed Cerebov
103639 | Pan      | Killed Cerebov
103656 | Pan      | Identified the +6 scimitar "Jagypoy" {vamp, rN+ rCorr
                  | Dex+3}
103712 | Pan      | Got a fiery rune of Zot
104032 | Pan      | Entered the realm of Lom Lobon.
104035 | Pan      | Reached skill level 15 in Translocations
104103 | Pan      | Received a gift from Okawaru
104165 | Pan      | Noticed Lom Lobon
104179 | Pan      | Killed Lom Lobon
104247 | Pan      | Got a magical rune of Zot
104428 | Pan      | Noticed Mennas
104443 | Pan      | Killed Mennas
104478 | Pan      | Reached skill level 26 in Fighting
104479 | Pan      | Received a gift from Okawaru
104491 | Depths:2 | Escaped Pandemonium
104821 | Zot:5    | Got the Orb of Zot
104962 | Zot:3    | Noticed Wuinoron the pandemonium lord
104962 | Zot:3    | Noticed an ancient lich
105212 | D:15     | Received a gift from Okawaru
105490 | D:$      | Escaped with the Orb!

Illustrated notes

Levels and vault maps discovered:
D:1:      minmay_arrival_checkered_box, layout_rooms, corexii_leaking_fountain
D:2:      layout_rooms, serial_shops, nicolae_shop_rolling_square, basic_altar
D:3:      minmay_evil_eye, layout_loops_corners, shapermc_ecumenical_altar_venn,
          uniq_jessica, uniq_ijyb
D:4:      layout_cave_pods, minmay_temple_entry_nine_rooms,
          gammafunk_ghost_arena, serial_column_ruins, column_ruins_open_large,
          column_ruins_open_small, column_ruins_columns_dead_end,
          column_ruins_open_large, minmay_shop_damaged
D:5:      layout_basic, uniq_pikel, uniq_crazy_yiuf_cottage
D:6:      layout_rooms, serial_shops, shop, shop, shop, nicolae_diamond_shop,
          uniq_maggie
D:7:      layout_basic, nicolae_ossuary_entry_plus, nicolae_eternal_life
D:8:      layout_basic, mainiacjoe_overflow_six_doors_small
D:9:      layout_rooms, dpeg_lair_monsters, david_orc_2
D:10:     layout_long_grid, uniq_josephine
D:11:     layout_stronghold, uniq_maurice, uniq_nergalle
D:12:     minmay_coctagon, layout_grid_maze, serial_shops, shop, shop,
          minmay_misc_feat_tower, minmay_microvault
D:13:     layout_basic, serial_shops, nicolae_shop_rolling_square,
          kennysheep_generic_room_10, uniq_lodul, uniq_rupert
D:14:     layout_loops_ring, ximxim_vaults_locker_room
D:15:     grunt_enter_depths_magical_seal, layout_irregular_city,
          minmay_misc_feat_ornament, serial_shops, shop, minivault_10,
          nicolae_uskayaw_dance_hall
Temple:   mainiacjoe_temple_archimedes_tessellation
Lair:1:   layout_chaotic_city, uniq_joseph, uniq_gastronok
Lair:2:   layout_chaotic_city, swamp_mist, st_stairs_5
Lair:3:   nzn_winding_woodlands_stair_cross [nzn_winding_woodlands_5x15_zeroes,
          nzn_winding_woodlands_center_garden,
          nzn_winding_woodlands_5x15_parted,
          nzn_winding_woodlands_5x5_checkerboard,
          nzn_winding_woodlands_hourglass,
          nzn_winding_woodlands_5x15_lazy_stream,
          nzn_winding_woodlands_center_lodge,
          nzn_winding_woodlands_5x15_sidewinder], layout_loops_ring,
          guppyfry_snake_entry_garden
Lair:4:   layout_concentric_octagons, slime_entry_1, lemuel_fruit_fields
Lair:5:   hellmonk_lair_end_abyssal_woods, layout_hall_layers,
          portal_ice_cave_entry_pillars_1, lemuel_fruit_fields,
          grunt_megastairs_4, uniq_urug
Swamp:1:  layout_falls_marsh, evilmike_swamp_ruin_house_4, swamp_pool3,
          nicolae_swamp_soggy_hallways, uniq_frances
Swamp:2:  layout_basic_swamp, evilmike_swamp_ruin_house_5, uniq_mlioglotl,
          uniq_jorgrun
Swamp:3:  layout_falls_marsh, evilmike_swamp_ruin_rubble_2
Swamp:4:  nzn_swamp_witches_coven, layout_basic_swamp, uniq_kirke, uniq_louise
Snake:1:  layout_basic, serial_bayou_shore_b, minmay_shoptagon, uniq_aizul
Snake:2:  layout_rooms
Snake:3:  layout_gridlike, minmay_shop_star
Snake:4:  minmay_snake_end_coiled, layout_cave_shapes, drop_trap,
          nrook_loot_triangle, uniq_vashnia
Slime:1:  layout_caves
Slime:2:  cheibrodos_slime_lost_civilization_2, layout_caves, basic_altar
Slime:3:  layout_caves
Slime:4:  layout_caves
Slime:5
Orc:1:    layout_diamond_mine
Orc:2:    st_orc_elflike, layout_diamond_mine, serial_shops,
          nicolae_shop_pleasant_corner_grove
Elf:1:    layout_geoelf_octagon, special_room [special_room_orc],
          hangedman_elven_crosses_minicolossus, minivault_16, st_stairs_3,
          nicolae_gammafunk_elf_defective_weapons_storage
Elf:2:    elven_hall_of_blades_hangedman_alternative
          [nicolae_blade_entry_pointy_end], layout_loops_cross,
          serial_sigils_hangedman_confine
Elf:3:    minmay_elf_hall_x, layout_onion_city
Vaults:1: hangedman_vaults_locks, v_misc_4, v_misc_1, v_rooms_5,
          nicolae_vaults_murderbox, vaults_mumra_chevron_long, v_misc_30,
          vaults_dpeg_encased_lava, ontoclasm_vaults_fault,
          nicolae_vaults_twisting_passages, ontoclasm_vaults_ligature,
          vaults_dpeg_diagonal, v_misc_8, nicolae_vaults_diamond_1,
          nicolae_vaults_tetromino_L_2, layout_vaults_omnicross
Vaults:2: nicolae_vaults_closet_pinwheel_3, v_misc_1,
          nicolae_vaults_trapezoid_3, nicolae_vaults_rhombus_7,
          nicolae_vaults_meiosis, nicolae_vaults_fighting_squares,
          nicolae_vaults_little_ls, nicolae_vaults_little_squares_3,
          hangedman_vaults_river_flow, nicolae_vaults_little_squares_2,
          nicolae_vaults_more_shelving_1, layout_vaults_ring
Vaults:3: portal_desolation_entry_holy_temple, minmay_crypt_entry_necro_gods,
          ontoclasm_vaults_chip, hangedman_vaults_unwind,
          nicolae_vaults_closet_pinwheel_5, v_misc_29, nicolae_vaults_two_Ls,
          ontoclasm_vaults_spin, v_misc_11, v_misc_16,
          nicolae_vaults_tetromino_L_1, layout_vaults_maze_snakey
Vaults:4: nicolae_vaults_little_guard_posts, nicolae_vaults_big_angled_halls,
          hangedman_vaults_capsules, hangedman_vaults_corner,
          nicolae_vaults_closet_pinwheel_2, v_misc_25, v_misc_4,
          nicolae_vaults_hexular_roomagon, vaults_room_door_ring, v_misc_11,
          nicolae_vaults_border_crossing, v_misc_25, layout_vaults_omnibox,
          serial_shops, nicolae_shop_behind_doors, uniq_sojobo
Vaults:5
Crypt:1:  layout_misc_corridors, st_burial_chamber
Crypt:2:  layout_basic
Crypt:3:  due_elkab, layout_chaotic_city, nicolae_tomb_entry_rubble_hallway
Tomb:1
Tomb:2
Tomb:3
Depths:1: layout_long_grid, hell_entry, ebering_ghost_inner_flame, fountainhead,
          minivault_1, kennysheep_generic_room_11, grunt_megastairs_2,
          serial_bayou_shore_b
Depths:2: minmay_the_grid_square_5x5_3x3 [minmay_the_grid_square_5x5_corner,
          minmay_the_grid_square_5x5_broken_cross, minmay_the_grid_square_5x5_v,
          minmay_the_grid_square_5x5_hourglass,
          minmay_the_grid_square_5x5_megaprize_open,
          minmay_the_grid_square_5x5_two, minmay_the_grid_square_5x5_n_small,
          minmay_the_grid_square_5x5_fancy_junction,
          minmay_the_grid_square_5x5_slash], layout_honeycomb,
          rand_demon_pan_entry_3, serial_rivers, chequers_serial_rivers_micro_e,
          chequers_serial_rivers_small_3, chequers_serial_rivers_micro_d,
          chequers_serial_rivers_small_a, abyss_entry, hell_entry,
          minmay_shop_grove, infiniplex_staircase_diamond
Depths:3: minmay_ornate_pinched, layout_cave_pools, enter_ziggurat_b,
          abyss_entry, hell_entry, dk_noncrumbling_3, serial_shops, shop,
          lemuel_flame_loot_1
Depths:4: evilmike_zot_entry_hall, layout_cave_pools, serial_shops,
          nicolae_shop_hallway_plus, abyss_entry_small_statue_room,
          chequers_serial_rivers_micro_c, pf_hell_entry_tar_river,
          nicolae_trove_entry_isolated, kennysheep_treasure_room, uniq_grunn
Hell
Dis:1:    layout_regular_city, lemuel_mystery_crypt
Dis:2:    layout_regular_city, serial_glass, glass_columns_b, glass_columns_c
Dis:3:    layout_overlapping_boxes
Dis:4:    kennysheep_iron_temple, layout_jigsaw
Dis:5:    layout_jigsaw
Dis:6:    layout_regular_city, hangedman_dis_decor_tower
Dis:7:    dis_grunt_layers
Geh:1:    layout_gehenna_pools_basic
Geh:2:    layout_gehenna_lava_caves
Geh:3:    layout_gehenna_lava_caves
Geh:4:    layout_gehenna_lava_caves
Geh:5:    layout_gehenna_pools_triple
Geh:6:    layout_gehenna_pools_basic
Geh:7:    geh_hangedman
Coc:1:    layout_ice_bergs, serial_ice, serial_ice_g, serial_ice_d,
          serial_ice_h, serial_ice_b, nicolae_hells_hurtin_island
Coc:2:    layout_ice_bergs
Coc:3:    layout_ice_bergs
Coc:4:    layout_cocytus_water_paths
Coc:5:    layout_ice_bergs
Coc:6:    layout_cocytus_delve
Coc:7:    coc_old
Tar:1:    layout_honeycomb, nicolae_tar_cuneiform_city
Tar:2:    layout_grid_maze
Tar:3:    layout_catacombs
Tar:4:    layout_cathedral_of_symmetry
Tar:5:    layout_grid_maze, nicolae_tar_cuneiform_not
Tar:6:    layout_honeycomb
Tar:7:    tar_mu [tar_mu_maze]
Zot:1:    grunt_deathspiral_small, layout_concentric_octagons
Zot:2:    layout_misc_corridors
Zot:3:    layout_concentric_octagons
Zot:4:    layout_cathedral_of_symmetry, grunt_ministairs_11
Zot:5:    layout_concentric_octagons, st_stairs_10

Skill      XL: |  1  2  3  4  5  6  7  8  9 10 11 12 13 14 15 16 17 18 19 20 21 22 23 24 25 26 27 |
---------------+----------------------------------------------------------------------------------+-----
Maces & Flails | 3 4 |  4.9
Throwing       | 2 3 4 5 6 7 8 9 11 13 14 15 17 19 20 22 | 22.0
Polearms       | 1 3 5 7 9 11 12 14 16 22 | 22.0
Invocations    | 1 3 5 7 10 15 | 15.0
Fighting       | 3 6 7 9 12 15 17 19 20 21 22 26 | 26.4
Armour         | 3 5 8 10 11 16 22 | 22.0
Shields        | 2 4 6 9 14 16 18 20 24 | 24.0
Evocations     | 5 12 22 | 22.0
Dodging        | 4 15 | 15.1
Stealth        | 3 15 | 15.0
Translocations | 15 | 15.0
Spellcasting   | 12 | 12.0

Action                     |  1- 3 |  4- 6 |  7- 9 | 10-12 | 13-15 | 16-18 | 19-21 | 22-24 | 25-27 || total
---------------------------+-------+-------+-------+-------+-------+-------+-------+-------+-------++-------
  Melee: Flail             |   103 |   117 |       |       |       |       |       |       |       ||   220
         Trident           |       |    28 |   257 |   724 |   904 |       |       |       |       ||  1913
         Punch             |       |       |     5 |     7 |    23 |       |       |       |       ||    35
         Demon trident     |       |       |       |       |   558 |  1411 |  1772 |  1592 |  9204 || 14537
  Throw: Stone             |     5 |    42 |    35 |       |       |       |       |       |       ||    82
         Dart              |       |     3 |       |    14 |    11 |       |       |       |       ||    28
         Javelin           |       |     1 |     1 |     2 |    17 |    34 |    22 |     9 |   264 ||   350
         Boomerang         |       |       |    17 |    82 |   158 |    71 |    43 |    40 |   449 ||   860
         Throwing net      |       |       |     1 |     1 |     2 |     1 |       |       |       ||     5
   Cast: Blink             |       |       |       |       |       |       |       |       |     3 ||     3
 Invoke: Heroism           |       |       |     2 |    17 |    27 |     6 |     3 |     5 |    54 ||   114
         Finesse           |       |       |       |       |     3 |     2 |     2 |     5 |    20 ||    32
         Duel              |       |       |       |       |       |     1 |       |     1 |     1 ||     3
  Evoke: Wand              |       |       |     6 |     2 |     3 |    13 |     3 |     1 |    65 ||    93
         Phial of floods   |       |       |       |       |       |     1 |       |     1 |     4 ||     6
         Condenser vane    |       |       |       |       |       |       |       |     1 |     7 ||     8
         Lightning rod     |       |       |       |       |       |       |       |     1 |     8 ||     9
         Figurine of a zig |       |       |       |       |       |       |       |       |     1 ||     1
    Use: Scroll            |       |       |     6 |    12 |    21 |     8 |     9 |     7 |    27 ||    90
         Potion            |       |       |     1 |     1 |     2 |     3 |     1 |     7 |    22 ||    37
   Stab: Petrified         |       |       |       |       |     5 |     6 |       |       |       ||    11
         Held in net/web   |       |       |       |       |       |     2 |       |       |       ||     2
         Petrifying        |       |       |       |       |       |     1 |       |       |       ||     1
         Distracted        |       |       |       |       |       |     3 |       |       |     8 ||    11
         Invisible         |       |       |       |       |       |       |       |       |     8 ||     8
         Confused          |       |       |       |       |       |       |       |       |     3 ||     3
 Armour: Leather armour    |    41 |       |       |       |       |       |       |       |       ||    41
         Ring mail         |    12 |    40 |       |       |       |       |       |       |       ||    52
         Chain mail        |       |    10 |   114 |   247 |   516 |   403 |   396 |   171 |       ||  1857
         Fire dragon scale |       |       |       |       |       |       |       |    81 |       ||    81
         Crystal plate arm |       |       |       |       |       |       |       |    63 |  1287 ||  1350
         Gold dragon scale |       |       |       |       |       |       |       |       |   696 ||   696
  Dodge: Dodged            |    86 |    77 |    93 |   217 |   376 |   282 |   249 |   178 |  1168 ||  2726
  Block: Buckler           |       |       |       |       |   174 |    34 |       |       |       ||   208
         Tower shield      |       |       |       |       |       |   646 |  1422 |  1086 |  5941 ||  9095
         Reflection        |       |       |       |       |       |       |    93 |    40 |   289 ||   422
